 Dungeon Crawl Stone Soup version 0.31.0-11-ge490571c62 (webtiles) character file.

Game seed: 14225852065134541473

14052 qw the Nimble (level 11, -2/60 HPs)
             Began as a Spriggan Hunter on Feb 3, 2024.
             Was an Elder of Okawaru.
             Succumbed to a redback's poison
             ... on level 2 of the Lair of Beasts.
             The game lasted 00:01:08 (10172 turns).

qw the Nimble (Spriggan Hunter)                    Turns: 10172, Time: 00:01:09

Health: -2/60      AC:  7    Str: 11    XL:     11   Next: 83%
Magic:  15/18      EV: 34    Int: 15    God:    Okawaru [****..]
Gold:   252        SH:  0    Dex: 27    Spells: 10/10 levels left

rFire   + + .        o - +0 orcbow (heavy)
rCold   + . .        (shield currently unavailable)
rNeg    + . .        c - +4 robe of Augmentation {Str+4 Int+4 Dex+4}
rPois   .            l - +1 hat
rElec   +            g - scarf "Qofirr" {rC+ rF+, rElec rN+}
rCorr   .            (gloves unavailable)
SInv    +            (boots unavailable)
Will    ++...        (no amulet)
Stlth   +++          k - ring of willpower
HPRegen 0.30/turn    i - ring of protection from fire
MPRegen 0.16/turn

%: no passive effects
@: lethally poisoned (-2 -> -18), about to teleport, finesse-ful, very quick
A: very small, no large weapons, unfitting armour, see invisible, speed 3,
talons 1, robust 1, MP-powered wands, noise suppression
a: Renounce Religion, Heroism, Finesse


You were on level 2 of the Lair of Beasts.
You worshipped Okawaru.
Okawaru was greatly pleased with you.
You visited 3 branches of the dungeon, and saw 12 of its levels.
You also visited: Ossuary.

You collected 694 gold pieces.
You spent 442 gold pieces at shops.


Innate Abilities, Weirdness & Mutations

You are very small and have problems with some larger weapons.
You are too small for most types of armour.
You have supernaturally acute eyesight. (SInv)
You cover ground extremely quickly. (Speed+++)
You have sharp toenails.
You are robust. (+10% HP)
You expend magic power (3 MP) to strengthen your wands.
You passively dampen the noise of your surroundings.


   Skills:
 - Level 5.0 Fighting
 + Level 12.6 Ranged Weapons
 - Level 14.0 Dodging
 - Level 1.5 Stealth
 + Level 9.3 Invocations


You had 10 spell levels left.
You didn't know any spells.
Your spell library was empty.

Inventory:

Hand Weapons
 o - a +0 heavy orcbow (weapon)
Armour
 c - the +4 robe of Augmentation (worn) {Str+4 Int+4 Dex+4}
   (You acquired it on level 6 of the Dungeon)

   Str+4:     It affects your strength (+4).
   Int+4:     It affects your intelligence (+4).
   Dex+4:     It affects your dexterity (+4).
 g - the scarf "Qofirr" (worn) {rC+ rF+, rElec rN+}
   (You bought it in a shop on level 8 of the Dungeon)

   rElec:     It insulates you from electricity.
   rN+:       It protects you from negative energy.
 l - a +1 hat (worn)
 u - a +0 cloak
Jewellery
 i - a ring of protection from fire (right hand)
 k - a ring of willpower (left hand)
 Y - a ring of protection from cold
Wands
 p - a wand of paralysis (16)
Scrolls
 j - a scroll of amnesia {unknown}
 n - 2 scrolls of identify
 t - a scroll of silence {unknown}
 v - a scroll of brand weapon
Potions
 a - a potion of resistance
 b - 5 potions of curing
 d - 2 potions of mutation
 e - a potion of might
 f - a potion of magic
 m - a potion of enlightenment
 r - a potion of haste
 s - a potion of cancellation {unknown}

Dungeon Overview and Level Annotations

Branches:
Dungeon (9/15)             Temple (1/1) D:5            Lair (2/5) D:9
 Spider (0/4) Lair:2      Ossuary (visited)
  Swamp: Lair:2-3    Shoals: Lair:2-3       Orc: D:9-12

Altars:
Ashenzari
Cheibriados
Dithmenos
Fedhas
Gozag
Hepliaklqana
Kikubaaqudgha
Makhleb
Nemelex Xobeh
Okawaru
Qazlal
Ru
Sif Muna
Trog
Uskayaw
Vehumet
Wu Jian
Yredelemnul
Zin
The Shining One

Shops:
D:8 [

Annotations:
D:4 3 runed translucent doors, qw's ghost, amateur SpHu
D:7 3 runed translucent doors, qw's ghost, novice DjHu
D:8 1 runed translucent door, qw's ghost, novice GrHu
Lair:2 2 transporters


Message History

The redback bites you but does no damage.
You shoot an arrow. The arrow barely misses the redback.
You feel extremely sick. The redback closely misses you.
You shoot an arrow. The arrow hits the redback!!
You kill the redback!
Okawaru accepts your kill.
You feel extremely sick. The redback barely misses you.
You shoot an arrow. The arrow hits the culicivora!!
The culicivora is heavily wounded.
You feel extremely sick.
The redback bites you but does no damage.
The culicivora closely misses you.
10168 ||| READING scroll of teleportation.
As you read the scroll of teleportation, it crumbles to dust.
You feel strangely unstable.
You feel extremely sick. The culicivora misses you.
The redback barely misses you. The culicivora misses you.
10169 ||| DRINKING potion of heal wounds.
You feel much better.
You feel extremely sick.
The culicivora chitters at the culicivora.
The culicivora is healed somewhat.
The redback barely misses you.
The culicivora completely misses you. x2; The redback closely misses you.
The culicivora misses you.
You shoot an arrow.
The arrow closely misses the culicivora.
You feel very sick. The culicivora closely misses you.
The redback closely misses you. The culicivora completely misses you.
You shoot an arrow. The arrow barely misses the culicivora.
You feel very sick. The culicivora completely misses you.
The redback bites you! The culicivora bites you!
The culicivora draws strength from your injuries!
You shoot an arrow. The arrow hits the culicivora!!
The culicivora is almost dead.
You die...

##.######..#.P.###
................. ......# #.##..
##....# #..# #.....#### ##.#
#......#.####P.. ###
#.....###.##...# # #
#####P####P.............. .#.#
###.....ss@s....#######....
##.#.#^ ####.#.##s#...#.....#####
#...#^ ##.......s....#D..0.#.0..
..>.. ##.........#...#S00..#....
#...####..D...........#F[0..+.#.#
######.#.............^#D=0.0+..!^
..s0..s..#........#...#S[0..+.#.#
¤0.¤...#..s...........#S00..#....
..s....#..............#S..0.#.0..


You could see a swamp dragon, 3 culicivoras, 2 black mambas, a cane toad, a
steam dragon and 2 redbacks.

Vanquished Creatures
  A boulder beetle (Lair:2)
  2 skysharks (Lair:2)
  3 elephants (Lair:2)
  A black mamba (Lair:1)
  A cane toad (Lair:2)
  Jeremiah (D:8)
  2 rime drakes
  A kobold demonologist (D:6)
  4 komodo dragons
  A polar bear (Lair:2)
  A jumping spider (Lair:2)
  2 culicivoras (Lair:2)
  10 yaks
  2 redbacks (Lair:2)
  2 wyverns
  4 steam dragons
  Duvessa (D:5)
  5 water moccasins
  2 orc warriors
  2 sky beasts
  2 ice beasts
  An ogre (D:5)
  4 centaurs
  14 wolves
  A phantom (D:6)
  3 kobold brigands
  15 bullfrogs
  6 scorpions
  Dowan (D:5)
  3 howler monkeys
  A bombardier beetle (D:7)
  A human zombie (Ossuary)
  A jelly (D:7)
  2 orc priests (D:5)
  3 hounds
  2 sleepcaps (D:5)
  6 orc wizards
  8 iguanas
  4 scorpion zombies (Ossuary)
  3 mummies (Ossuary)
  11 gnolls
  6 adders
  3 white imps
  An adder zombie (Ossuary)
  2 dart slugs
  18 orcs
  8 ball pythons
  3 endoplasms
  A giant cockroach (D:1)
  5 goblins
  3 hobgoblins
  2 jackals (D:3)
  4 quokkas
  2 ball python zombies (Ossuary)
  6 bats
  5 frilled lizards
  2 gnoll zombies (Ossuary)
  4 jackal zombies (Ossuary)
  17 kobolds
  An orc zombie (Ossuary)
  10 rats
243 creatures vanquished.

Notes
Turn   | Place    | Note
-------+----------+-------------------------------------------
     0 | D:1      | qw the Spriggan Hunter began the quest for the Orb.
     0 | D:1      | Reached XP level 1. HP: 10/10 MP: 2/2
     0 | D:1      | 0 ||| qw: Version: 0.3-a-158-g18b3111
     0 | D:1      | 0 ||| qw: Game counter: 4104
     0 | D:1      | 0 ||| qw: Melee chars always use a shield: true
     0 | D:1      | 0 ||| qw: God list: Okawaru
     0 | D:1      | 0 ||| qw: Allow faded altars: false
     0 | D:1      | 0 ||| qw: Do Orc after clearing Dungeon:15 true
     0 | D:1      | 0 ||| qw: Do second Lair branch before Depths: true
     0 | D:1      | 0 ||| qw: Lair rune preference: random
     0 | D:1      | 0 ||| qw: Goals: Normal
     0 | D:1      | 0 ||| PLANNING D:1-11
    58 | D:1      | Reached skill level 3 in Dodging
   127 | D:1      | Reached XP level 2. HP: 9/14 MP: 3/3
   183 | D:1      | Reached skill level 4 in Dodging
   441 | D:1      | Reached XP level 3. HP: 18/18 MP: 4/4
   558 | D:1      | 558 ||| READING scroll labelled QEIRIME AHAERPH.
   559 | D:1      | 559 ||| READING 2 scrolls labelled ZAISOZ NAALEGU.
   560 | D:1      | 560 ||| DROPPING scroll of butterflies.
   561 | D:1      | 561 ||| DROPPING scroll of immolation.
   573 | D:2      | Found a faded altar of an unknown god.
   618 | D:2      | Found a radiant altar of Vehumet.
  1212 | D:2      | 1212 ||| DRINKING 2 silvery potions.
  1213 | D:2      | 1213 ||| DRINKING 2 viscous golden potions.
  1213 | D:2      | Gained mutation: You are robust. (+10% HP) [potion of
                  | mutation]
  1213 | D:2      | Gained mutation: You expend magic power (3 MP) to
                  | strengthen your wands. [potion of mutation]
  1213 | D:2      | Gained mutation: You have sharp toenails. [potion of
                  | mutation]
  1213 | D:2      | Gained mutation: You passively dampen the noise of your
                  | surroundings. [potion of mutation]
  1414 | D:3      | Found a shimmering blue altar of Sif Muna.
  1465 | D:3      | Reached XP level 4. HP: 21/24 MP: 5/5
  1585 | D:3      | Reached skill level 5 in Dodging
  1898 | D:3      | 1898 ||| READING scroll labelled VITI FUTTEDUTIBYNG.
  1898 | D:3      | 1898 ||| ENCHANTING +0 shortbow.
  2018 | D:4      | Reached XP level 5. HP: 27/28 MP: 6/6
  2114 | D:4      | Found a runed translucent gate.
  2114 | D:4      | Found a runed translucent gate.
  2114 | D:4      | Found a runed translucent gate.
  2119 | D:4      | Noticed qw's ghost (amateur SpHu)
  2274 | D:4      | 2274 ||| READING scroll of enchant weapon.
  2274 | D:4      | 2274 ||| ENCHANTING +1 shortbow.
  2510 | D:4      | 2510 ||| DROPPING ring of wizardry.
  2511 | D:4      | 2511 ||| READING 3 scrolls labelled ALUBRUUJISS.
  2512 | D:4      | 2512 ||| READING scroll labelled UXKOXYMEDUDD.
  2513 | D:4      | 2513 ||| READING scroll labelled BIM MADYDUR.
  2514 | D:4      | 2514 ||| DROPPING 2 scrolls of blinking.
  2547 | D:5      | Entered Level 5 of the Dungeon
  2547 | D:5      | Noticed an ogre
  2548 | D:5      | 2548 ||| PLANNING OSSUARY
  2548 | D:5      | 2548 ||| ZAPPING wand of mindburst (9) at 3,2 (ogre;
                  | floor).
  2549 | D:5      | 2549 ||| ZAPPING wand of mindburst (8) at 2,1 (ogre;
                  | floor).
  2550 | D:5      | 2550 ||| ZAPPING wand of mindburst (7) at 1,1 (ogre;
                  | floor).
  2550 | D:5      | Killed an ogre
  2551 | D:5      | Reached skill level 6 in Ranged Weapons
  2551 | D:5      | Reached XP level 6. HP: 33/33 MP: 0/7
  2657 | D:5      | Noticed Duvessa
  2657 | D:5      | Noticed Dowan
  2658 | D:5      | 2658 ||| ZAPPING wand of mindburst (6) at -4,0 (Duvessa;
                  | floor).
  2659 | D:5      | 2659 ||| ZAPPING wand of mindburst (5) at -3,0 (Duvessa;
                  | floor).
  2660 | D:5      | 2660 ||| ZAPPING wand of mindburst (4) at -2,0 (Duvessa;
                  | floor).
  2661 | D:5      | 2661 ||| ZAPPING wand of mindburst (3) at -1,0 (Duvessa;
                  | floor).
  2662 | D:5      | 2662 ||| ZAPPING wand of mindburst (2) at -1,0 (Duvessa;
                  | floor).
  2662 | D:5      | Killed Duvessa
  2663 | D:5      | Reached skill level 6 in Dodging
  2663 | D:5      | 2663 ||| ZAPPING wand of mindburst (1) at -1,0 (Dowan;
                  | floor).
  2665 | D:5      | Killed Dowan
  2761 | D:5      | Reached XP level 7. HP: 35/38 MP: 8/8
  2780 | D:5      | 2780 ||| RETREEEEATING.
  2791 | D:5      | HP: 7/38 [scorpion (5)]
  2792 | D:5      | 2792 ||| DRINKING potion of heal wounds.
  2800 | D:5      | Reached skill level 7 in Dodging
  2896 | D:5      | Found a staircase to the Ecumenical Temple.
  2940 | D:5      | 2940 ||| FLEEEEING.
  2941 | D:5      | 2941 ||| FLEEEEING.
  2942 | D:5      | 2942 ||| FLEEEEING.
  2943 | D:5      | 2943 ||| FLEEEEING.
  2944 | D:5      | 2944 ||| FLEEEEING.
  2946 | D:5      | 2946 ||| FLEEEEING.
  3053 | D:5      | Identified the staff of Saffauf {^Drain rPois Str+2 Int+3
                  | Alchemy}
  3056 | D:5      | Found a sand-covered staircase.
  3057 | D:5      | 3057 ||| UPGRADING to ring of protection from cold.
  3058 | D:5      | 3058 ||| READING scroll labelled LOSERAGARGH.
  3060 | D:5      | 3060 ||| Stepping ~*~*~tactically~*~*~ (cloud).
  3126 | Ossuary  | Entered an ossuary
  3305 | Ossuary  | Reached skill level 8 in Dodging
  3321 | Ossuary  | Reached XP level 8. HP: 41/42 MP: 9/9
  3398 | Ossuary  | Reached skill level 3 in Fighting
  3477 | Ossuary  | 3477 ||| UPGRADING to ring of protection from fire.
  3478 | Ossuary  | 3478 ||| DROPPING +6 ring of intelligence.
  3479 | Ossuary  | 3479 ||| READING 3 scrolls labelled SAYBBE KUYXI.
  3580 | Ossuary  | 3580 ||| DRINKING 3 fizzy sapphire potions.
  3581 | Ossuary  | 3581 ||| DRINKING 3 pink potions.
  3582 | Ossuary  | 3582 ||| DROPPING 2 potions of brilliance.
  3583 | Ossuary  | 3583 ||| DROPPING 2 scrolls of vulnerability.
  3636 | D:5      | 3636 ||| PLANNING TEMPLE
  3657 | Temple   | Found a transporter.
  3657 | Temple   | Found a transporter.
  3657 | Temple   | Found a transporter.
  3657 | Temple   | Found a transporter.
  3657 | Temple   | Entered the Ecumenical Temple
  3658 | Temple   | 3658 ||| PLANNING D:1-11
  3666 | Temple   | 3666 ||| PLANNING OKAWARU WORSHIP
  3673 | Temple   | Became a worshipper of Warmaster Okawaru
  3674 | Temple   | 3674 ||| PLANNING D:1-11
  3880 | D:5      | 3880 ||| FLEEEEING.
  3881 | D:5      | 3881 ||| FLEEEEING.
  3904 | D:5      | Reached skill level 9 in Ranged Weapons
  4211 | D:5      | 4211 ||| DRINKING 2 sapphire potions.
  4212 | D:5      | 4212 ||| DRINKING 2 viscous silvery potions.
  4275 | D:5      | 4275 ||| DROPPING potion of lignification.
  4364 | D:6      | Noticed a kobold demonologist
  4365 | D:6      | 4365 ||| DRINKING potion of haste.
  4375 | D:6      | Killed a kobold demonologist
  4375 | D:6      | Reached * piety under Okawaru
  4376 | D:6      | Reached skill level 10 in Dodging
  4463 | D:6      | Reached skill level 1 in Invocations
  4517 | D:6      | Reached XP level 9. HP: 48/48 MP: 11/11
  4827 | D:6      | 4827 ||| UPGRADING to +0 steam dragon scales.
  4837 | D:6      | 4837 ||| DROPPING +0 robe.
  4838 | D:6      | 4838 ||| READING scroll labelled JYKHLE AREILIT.
  4838 | D:6      | 4838 ||| IDENTIFYING fuming grey potion
  4839 | D:6      | 4839 ||| READING scroll labelled FAUMAAH WIES.
  4839 | D:6      | Identified a scroll of acquirement
  4839 | D:6      | 4839 ||| ACQUIRING +4 robe of Augmentation {Str+4 Int+4
                  | Dex+4}
  4839 | D:6      | Acquired the +4 robe of Augmentation {Str+4 Int+4 Dex+4}
  4839 | D:6      | Found the +4 robe of Augmentation {Str+4 Int+4 Dex+4}
  4841 | D:6      | 4841 ||| UPGRADING to +4 robe of Augmentation {Str+4 Int+4
                  | Dex+4}.
  4851 | D:6      | 4851 ||| DROPPING +0 steam dragon scales.
  4852 | D:6      | 4852 ||| DRINKING 2 fuming dark potions.
  4853 | D:6      | 4853 ||| DRINKING 2 glowing purple potions.
  4854 | D:6      | 4854 ||| DROPPING potion of ambrosia.
  4855 | D:6      | 4855 ||| DROPPING wand of flame (9).
  4892 | D:7      | 4892 ||| STAIRDANCE
  5000 | D:7      | Reached skill level 3 in Invocations
  5103 | D:7      | Noticed a cyclops
  5105 | D:7      | Noticed qw's ghost (novice DjHu)
  5107 | D:7      | Found a runed translucent gate.
  5107 | D:7      | Found a runed translucent gate.
  5107 | D:7      | Found a runed translucent gate.
  5109 | D:7      | Noticed a +0 hand axe
  5110 | D:7      | Noticed a +0 dagger
  5115 | D:7      | Found a hide-covered altar of Uskayaw.
  5116 | D:7      | 5116 ||| READING scroll of identify.
  5116 | D:7      | 5116 ||| IDENTIFYING white potion
  5139 | D:7      | Reached ** piety under Okawaru
  5510 | D:7      | Reached skill level 11 in Dodging
  5934 | D:7      | 5934 ||| READING scroll of identify.
  5934 | D:7      | 5934 ||| IDENTIFYING red potion
  5935 | D:7      | 5935 ||| READING scroll labelled PAUHUTH VOONT.
  5939 | D:7      | 5939 ||| DROPPING potion of degeneration.
  5958 | D:8      | Found Iguodurr's Antique Armour Shoppe.
  5961 | D:8      | 5961 ||| BUYING faintly glowing scarf (260 gold).
  5961 | D:8      | Bought a faintly glowing scarf for 260 gold pieces
  5961 | D:8      | Identified the scarf "Qofirr" {rC+ rF+, rElec rN+} (You
                  | bought it in a shop on level 8 of the Dungeon)
  5961 | D:8      | 5961 ||| BUYING glowing hat (182 gold).
  5961 | D:8      | Bought a glowing hat for 182 gold pieces
  6209 | D:8      | 6209 ||| SWAPPING to +0 orcbow.
  6216 | D:8      | 6216 ||| DROPPING +2 shortbow.
  6265 | D:8      | Noticed Jeremiah
  6266 | D:8      | 6266 ||| INVOKING Heroism.
  6292 | D:8      | 6292 ||| INVOKING Heroism.
  6300 | D:8      | Killed Jeremiah
  6618 | D:8      | Found an ancient bone altar of Kikubaaqudgha.
  6680 | D:8      | Reached *** piety under Okawaru
  6765 | D:8      | Reached XP level 10. HP: 55/55 MP: 14/14
  6812 | D:8      | Noticed qw's ghost (novice GrHu)
  6813 | D:8      | Found a runed translucent door.
  6815 | D:8      | Identified the +12 spear of Iggiamme {speed, rPois rC-
                  | Int+5 Dex+3}
  6925 | D:8      | Reached skill level 12 in Dodging
  7118 | D:8      | 7118 ||| UPGRADING to scarf "Qofirr" {rC+ rF+, rElec rN+}.
  7123 | D:8      | 7123 ||| UPGRADING to +1 hat.
  7128 | D:8      | 7128 ||| UPGRADING to ring of willpower.
  7130 | D:8      | 7130 ||| DRINKING 2 bubbling pink potions.
  7131 | D:8      | 7131 ||| DROPPING potion of invisibility.
  7396 | D:9      | 7396 ||| RETREEEEATING.
  7516 | D:9      | Reached **** piety under Okawaru
  7611 | D:9      | 7611 ||| RETREEEEATING.
  7613 | D:9      | 7613 ||| RETREEEEATING.
  7636 | D:9      | Reached skill level 13 in Dodging
  7895 | D:9      | Found a staircase to the Lair.
  8179 | D:9      | 8179 ||| PLANNING LAIR
  8179 | D:9      | 8179 ||| READING scroll labelled TIALOBB FECAPT.
  8179 | D:9      | 8179 ||| BRANDING +0 orcbow.
  8186 | Lair:1   | Entered Level 1 of the Lair of Beasts
  8354 | Lair:1   | Noticed a black mamba
  8355 | Lair:1   | 8355 ||| INVOKING Finesse.
  8356 | Lair:1   | 8356 ||| INVOKING Finesse.
  8365 | Lair:1   | Killed a black mamba
  8422 | Lair:1   | Reached skill level 6 in Invocations
  8543 | Lair:1   | 8543 ||| RETREEEEATING.
  8544 | Lair:1   | 8544 ||| RETREEEEATING.
  8546 | Lair:1   | 8546 ||| RETREEEEATING.
  8547 | Lair:1   | 8547 ||| RETREEEEATING.
  8548 | Lair:1   | 8548 ||| RETREEEEATING.
  8549 | Lair:1   | 8549 ||| RETREEEEATING.
  8550 | Lair:1   | 8550 ||| RETREEEEATING.
  8551 | Lair:1   | 8551 ||| RETREEEEATING.
  8552 | Lair:1   | 8552 ||| RETREEEEATING.
  8553 | Lair:1   | 8553 ||| RETREEEEATING.
  8568 | Lair:1   | Reached ***** piety under Okawaru
  8654 | Lair:1   | Reached XP level 11. HP: 58/58 MP: 16/16
  8677 | Lair:1   | Reached skill level 12 in Ranged Weapons
  9028 | Lair:1   | 9028 ||| READING 3 scrolls of identify.
  9028 | Lair:1   | 9028 ||| IDENTIFYING fizzy dark potion
  9029 | Lair:1   | 9029 ||| READING 2 scrolls of identify.
  9029 | Lair:1   | 9029 ||| IDENTIFYING purple potion
  9030 | Lair:1   | 9030 ||| READING scroll of identify.
  9030 | Lair:1   | 9030 ||| IDENTIFYING fizzy puce potion
  9031 | Lair:1   | 9031 ||| DROPPING potion of attraction.
  9032 | Lair:1   | 9032 ||| DROPPING potion of berserk rage.
  9109 | Lair:2   | Received a gift from Okawaru
  9117 | Lair:2   | Noticed a boulder beetle
  9118 | Lair:2   | 9118 ||| INVOKING Finesse.
  9155 | Lair:2   | Killed a boulder beetle
  9235 | Lair:2   | Found a transporter.
  9455 | Lair:2   | HP: 15/60 [elephant (16)]
  9456 | Lair:2   | 9456 ||| DRINKING 3 potions of heal wounds.
  9466 | Lair:2   | HP: 14/60 [elephant (11)]
  9467 | Lair:2   | 9467 ||| DRINKING 2 potions of heal wounds.
  9477 | Lair:2   | 9477 ||| RETREEEEATING.
  9478 | Lair:2   | 9478 ||| RETREEEEATING.
  9479 | Lair:2   | 9479 ||| RETREEEEATING.
  9480 | Lair:2   | 9480 ||| RETREEEEATING.
  9481 | Lair:2   | 9481 ||| RETREEEEATING.
  9482 | Lair:2   | 9482 ||| RETREEEEATING.
  9483 | Lair:2   | 9483 ||| RETREEEEATING.
  9484 | Lair:2   | 9484 ||| RETREEEEATING.
  9485 | Lair:2   | 9485 ||| RETREEEEATING.
  9486 | Lair:2   | 9486 ||| RETREEEEATING.
  9487 | Lair:2   | 9487 ||| RETREEEEATING.
  9488 | Lair:2   | 9488 ||| RETREEEEATING.
  9489 | Lair:2   | 9489 ||| RETREEEEATING.
  9490 | Lair:2   | 9490 ||| RETREEEEATING.
  9491 | Lair:2   | 9491 ||| RETREEEEATING.
  9492 | Lair:2   | 9492 ||| RETREEEEATING.
  9496 | Lair:2   | 9496 ||| RETREEEEATING.
  9513 | Lair:2   | 9513 ||| RETREEEEATING.
  9515 | Lair:2   | 9515 ||| RETREEEEATING.
  9516 | Lair:2   | 9516 ||| RETREEEEATING.
  9517 | Lair:2   | 9517 ||| RETREEEEATING.
  9518 | Lair:2   | 9518 ||| RETREEEEATING.
  9645 | Lair:2   | Found a transporter.
  9646 | Lair:2   | Found the ring of the Octopus King
  9647 | Lair:2   | Noticed a swamp dragon
  9649 | Lair:2   | Noticed a swamp dragon
  9649 | Lair:2   | Noticed a skyshark
  9650 | Lair:2   | 9650 ||| INVOKING Finesse.
  9676 | Lair:2   | Killed a skyshark
  9686 | Lair:2   | Reached skill level 14 in Dodging
  9735 | Lair:2   | 9735 ||| INVOKING Finesse.
  9736 | Lair:2   | 9736 ||| INVOKING Heroism.
  9831 | Lair:2   | 9831 ||| READING scroll of brand weapon.
  9831 | Lair:2   | 9831 ||| BRANDING +0 orcbow of flaming.
  9852 | Lair:2   | 9852 ||| INVOKING Finesse.
 10037 | Lair:2   | Noticed a skyshark
 10038 | Lair:2   | 10038 ||| INVOKING Finesse.
 10046 | Lair:2   | Killed a skyshark
 10047 | Lair:2   | Reached skill level 9 in Invocations
 10097 | Lair:2   | Found a hole to the Spider Nest.
 10136 | Lair:2   | 10136 ||| RETREEEEATING.
 10137 | Lair:2   | 10137 ||| RETREEEEATING.
 10138 | Lair:2   | 10138 ||| RETREEEEATING.
 10139 | Lair:2   | 10139 ||| RETREEEEATING.
 10140 | Lair:2   | 10140 ||| RETREEEEATING.
 10148 | Lair:2   | 10148 ||| RETREEEEATING.
 10149 | Lair:2   | 10149 ||| RETREEEEATING.
 10150 | Lair:2   | 10150 ||| RETREEEEATING.
 10151 | Lair:2   | 10151 ||| RETREEEEATING.
 10152 | Lair:2   | 10152 ||| RETREEEEATING.
 10154 | Lair:2   | 10154 ||| INVOKING Finesse.
 10167 | Lair:2   | HP: 10/60 [poisoned by a redback]
 10168 | Lair:2   | 10168 ||| READING scroll of teleportation.
 10168 | Lair:2   | HP: 2/60 [poisoned by a redback]
 10169 | Lair:2   | 10169 ||| DRINKING potion of heal wounds.
 10172 | Lair:2   | Succumbed to a redback's poison

Levels and vault maps discovered:
D:1:      amcnicky_arrival_choice, layout_basic
D:2:      layout_loops_cross, basic_altar, hellmonk_ecumenical_altar_lost_god,
          minmay_pentomino_o2
D:3:      layout_loops_ring, mainiacjoe_overflow_chevrons,
          kennysheep_generic_room_7
D:4:      layout_loops_ring, gammafunk_ghost_necromancy
D:5:      layout_basic, minmay_temple_entry_statues_fountains,
          chequers_ossuary_entry_cave, uniq_duvessa
D:6:      layout_rooms, minmay_microvault
D:7:      layout_basic, dancing_weapons_uskayaw, gammafunk_ghost_split
D:8:      layout_loops_corners, nicolae_kikubaaqudgha_miasma_corner,
          serial_shops, nicolae_stop_n_shop_2, ebering_ghost_funeral_grove,
          st_stairs_12, uniq_jeremiah
D:9:      layout_loops_ring, david_lair_shrubbed, st_stairs_13
Temple:   hellmonk_temple_divided_pantheon
Lair:1:   layout_loops_ring
Lair:2:   gammafunk_cloud_chamber, layout_chaotic_city,
          nicolae_spider_entry_tight_spaces

Skill      XL: |  1  2  3  4  5  6  7  8  9 10 11 |
---------------+----------------------------------+-----
Dodging        | 3 4 5 6 8 10 11 13 14 | 14.0
Ranged Weapons | 5 6 8 9 10 11 12 | 12.6
Fighting       | 2 3 4 5 |  5.0
Invocations    | 1 4 6 9 |  9.3
Stealth        | |  1.5

Action                     |  1- 3 |  4- 6 |  7- 9 | 10-12 || total
---------------------------+-------+-------+-------+-------++-------
   Fire: Shortbow          |   103 |    68 |   423 |       ||   594
         Orcbow            |       |       |    58 |   473 ||   531
 Invoke: Heroism           |       |       |     2 |     1 ||     3
         Finesse           |       |       |       |     7 ||     7
  Evoke: Wand              |       |     9 |       |       ||     9
    Use: Scroll            |     2 |     5 |     7 |     6 ||    20
         Potion            |     2 |       |     8 |     4 ||    14
 Armour: Robe              |     9 |     8 |    42 |    90 ||   149
  Dodge: Dodged            |    25 |    21 |   199 |   358 ||   603

Table legend:
 A = Non-vault XP
 B = Vault XP
 C = Vault XP percentage of total XP
 D = Non-vault monster count
 E = Vault monster count
 F = Vault count percentage of total count
                 A         B        C        D         E       F
            +---------+---------+-------+---------+---------+-------
      Total |   16730 |    3345 |  16.7 |     206 |      37 |  15.2
            +---------+---------+-------+---------+---------+-------
        D:1 |      43 |       0 |   0.0 |      30 |       0 |   0.0
        D:2 |      44 |       2 |   4.3 |      12 |       1 |   7.7
        D:3 |      65 |       1 |   1.5 |       9 |       1 |  10.0
        D:4 |     143 |       0 |   0.0 |       9 |       0 |   0.0
        D:5 |     918 |     224 |  19.6 |      24 |       2 |   7.7
        D:6 |     760 |     364 |  32.4 |      12 |       1 |   7.7
        D:7 |     980 |       0 |   0.0 |      24 |       0 |   0.0
        D:8 |    1311 |     600 |  31.4 |      12 |       2 |  14.3
        D:9 |    2597 |     507 |  16.3 |      33 |       3 |   8.3
     Lair:1 |    2729 |       0 |   0.0 |      16 |       0 |   0.0
     Lair:2 |    7140 |    1065 |  13.0 |      25 |       5 |  16.7
    Ossuary |       0 |     582 | 100.0 |       0 |      22 | 100.0
            +---------+---------+-------+---------+---------+-------
